AoeStats
← Infadel

Arabia

506790251Analyzed
1v1 RM · 18d ago on Sep 15, 2026· 27m 42s· 2 players
Game mode
Random Map
Map size
Tiny (2 player)
Population
200
Speed
Normal
Resources
Standard
Victory
Conquest
Starting age
Dark Age
Ending age
Imperial Age
RankedLock teamsTeams togetherTeam positionsShared explorationLock speedFull tech treeHidden civsTurbo modeCheats
Victory
Defeat
🇮🇳 Spanish · India
1058
+15
🇲🇽 Gurjaras · Mexico
1041
-15
Ogedei5955
3:02 Loom
10:18 Feudal Age
13:40 Double-Bit Axe
15:13 Bloodlines
15:17 Forging
19:50 Scale Barding Armor
20:42 Man-at-Arms
21:32 Arson
27:45 Scale Mail Armor
Infadel
9:31 Feudal Age
7:50 Loom
9:46 Man-at-Arms
12:20 Double-Bit Axe
23:22 Castle Age
21:40 Forging
22:12 Stone Mining
22:09 Horse Collar
25:40 Fletching
26:42 Wheelbarrow
25:52 Town Watch
26:19 Bow Saw
26:23 Scale Barding Armor
Connection lost

Rejoining the realm…

Still unreachable

The connection could not be restored.

Session expired

The server has moved on; the page needs a fresh start.